PBL
COLUMBUS REDS @ SOUTHERN MARYLAND BLUE CRABS
09/02/2045
 
TOP OF THE 1ST
Columbus Reds batting - Pitching for Southern Maryland Blue Crabs : LHP Lawson Noseworthy
Pitching: LHP Lawson Noseworthy
Batting: RHB Ben Burkholder 0-0: SINGLE (Groundball, 4MD, EV 103.1 MPH)
Batting: SHB David Garnica 0-0: Foul Ball, location: 2F
0-1: Ball
1-1: Ball
2-1: Ball
3-1: Base on Balls
Ben Burkholder to second
Batting: LHB Matt Kennedy 0-0: Foul Ball, location: 2F
0-1: Foul Ball, location: 2F
0-2: Ball
1-2: Ball
2-2: Ball
3-2: Grounds into double play, 4-6-3 (Groundball, 34, EV 101.2 MPH)
Ben Burkholder to third
Batting: RHB Alex Villagomez 0-0: Ball
1-0: Called Strike
1-1: Ball
2-1: Swinging Strike
2-2: Ground out 4-3 (Groundball, 4, EV 109.4 MPH)
Top of the 1st over - 0 runs, 1 hit, 0 errors, 1 left on base; Columbus 0 - Southern Maryland 0
BOTTOM OF THE 1ST
Southern Maryland Blue Crabs batting - Pitching for Columbus Reds : RHP Guang Jue
Pitching: RHP Guang Jue
Batting: RHB Kevin Popowicz 0-0: Ball
1-0: SOLO HOME RUN (Flyball, 78XD, EV 111.2 MPH), Distance : 430 ft
Batting: RHB Ethan Finke 0-0: Called Strike
0-1: Foul Ball, location: 2F
0-2: Ball
1-2: Ground out 6-3 (Groundball, 6, EV 90.0 MPH)
Batting: RHB Wes Reynolds 0-0: Called Strike
0-1: Foul Ball, location: 2F
0-2: Ball
1-2: Ground out 4-3 (Groundball, 4M, EV 80.6 MPH)
Batting: RHB Mike Pitts 0-0: Ball
1-0: Ball
2-0: Ground out U3 (Groundball, 3L, EV 78.1 MPH)
Bottom of the 1st over - 1 run, 1 hit, 0 errors, 0 left on base; Columbus 0 - Southern Maryland 1
TOP OF THE 2ND
Columbus Reds batting - Pitching for Southern Maryland Blue Crabs : LHP Lawson Noseworthy
Batting: RHB Juan Zamora 0-0: Called Strike
0-1: SINGLE (Groundball, 6S, EV 75.0 MPH) (infield hit)
Batting: LHB Jamie Spangenberg 0-0: Ball
1-0: Ball
2-0: Ball
3-0: Called Strike
3-1: Base on Balls
Juan Zamora to second
Batting: RHB Alex de Leon 0-0: Hit by Pitch
Juan Zamora to third
Jamie Spangenberg to second
Batting: SHB Gustavo Froio 0-0: Ball
1-0: Called Strike
1-1: Ball
2-1: Foul Ball, location: 2F
2-2: Foul Ball, location: 2F
2-2: Ball
3-2: Foul Ball, location: 2F
3-2: Base on Balls
Juan Zamora scores
Jamie Spangenberg to third
Alex de Leon to second
Batting: SHB Cesar Pelayo 0-0: Ball
1-0: SINGLE (Groundball, 34D, EV 102.5 MPH)
Jamie Spangenberg scores
Alex de Leon to third
Gustavo Froio to second
Runner from 3rd tries for Home, SAFE, throw by RF to home
Batting: RHB Ben Burkholder 0-0: Called Strike
0-1: Ball
1-1: Fly out, F7 (Line Drive, 7D, EV 94.4 MPH)
Runner from 2nd tags up, SAFE at 3rd, no throw by LF
Batting: SHB David Garnica 0-0: Foul Ball, location: 2F
0-1: SINGLE (Groundball, P, EV 84.4 MPH) (infield hit)
Gustavo Froio scores
Cesar Pelayo to second
Batting: LHB Matt Kennedy 0-0: Foul Ball, location: 2F
0-1: Called Strike
0-2: Foul Ball, location: 2F
0-2: Foul Ball, location: 2F
0-2: Hit by Pitch
Cesar Pelayo to third
David Garnica to second
Batting: RHB Alex Villagomez 0-0: SINGLE (Groundball, 3D, EV 94.4 MPH)
Cesar Pelayo scores
David Garnica to third
Matt Kennedy to second
Batting: RHB Juan Zamora 0-0: Ball
1-0: Called Strike
1-1: Swinging Strike
1-2: Foul Ball, location: 2F
1-2: Ball
2-2: Foul Ball, location: 2F
2-2: Foul Ball, location: 2F
2-2: Ball
3-2: Strikes out swinging
Batting: LHB Jamie Spangenberg 0-0: Ball
1-0: Called Strike
1-1: Ball
2-1: Ball
3-1: Called Strike
3-2: SINGLE (Groundball, 4MD, EV 104.4 MPH) (infield hit)
David Garnica scores
Matt Kennedy to third
Alex Villagomez to second
Batting: RHB Alex de Leon 0-0: Swinging Strike
0-1: SINGLE (Line Drive, 4MD, EV 99.4 MPH)
Matt Kennedy scores
Alex Villagomez to third
Jamie Spangenberg to second
Runner from 3rd tries for Home, SAFE, throw by CF to home
Pitching: RHP Marco Benavente
Batting: SHB Gustavo Froio 0-0: Ball
1-0: Fly out, F9 (Flyball, 89M, EV 89.4 MPH)
Top of the 2nd over - 8 runs, 6 hits, 0 errors, 2 left on base; Columbus 8 - Southern Maryland 1
BOTTOM OF THE 2ND
Southern Maryland Blue Crabs batting - Pitching for Columbus Reds : RHP Guang Jue
Batting: SHB Chris Wright 0-0: Called Strike
0-1: Called Strike
0-2: Ball
1-2: Foul Ball, location: 2F
1-2: Ball
2-2: Ball
3-2: Strikes out swinging
Batting: RHB Luke Vaccarino 0-0: Ball
1-0: Swinging Strike
1-1: Foul Ball, location: 2F
1-2: Ball
2-2: Ball
3-2: Ground out 4-3 (Groundball, 4, EV 83.8 MPH)
Batting: RHB Wil Ochoa 0-0: Ball
1-0: Ball
2-0: SINGLE (Line Drive, 34D, EV 96.2 MPH)
Batting: RHB Carlos Teniente 0-0: Called Strike
0-1: Single, Error in OF, E7, batter to second base (Line Drive, 56D, EV 109.4 MPH)
Wil Ochoa to third
Batting: RHB John Barton 0-0: Foul Ball, location: 2F
0-1: Foul Ball, location: 2F
0-2: Strikes out swinging
Bottom of the 2nd over - 0 runs, 2 hits, 1 error, 2 left on base; Columbus 8 - Southern Maryland 1
TOP OF THE 3RD
Columbus Reds batting - Pitching for Southern Maryland Blue Crabs : RHP Marco Benavente
Batting: SHB Cesar Pelayo 0-0: Foul Ball, location: 2RF, Error on foul ball, E2
0-1: Called Strike
0-2: Ball
1-2: Foul Ball, location: 2F
1-2: Ball
2-2: Strikes out swinging
Batting: RHB Ben Burkholder 0-0: DOUBLE (Line Drive, 89XD, EV 101.2 MPH)
Batting: SHB David Garnica 0-0: Called Strike
0-1: Ball
1-1: Swinging Strike
1-2: Ground out 4-3 (Groundball, 4, EV 108.8 MPH)
Ben Burkholder to third
Batting: LHB Matt Kennedy 0-0: Ball
1-0: Called Strike
1-1: Ball
2-1: SINGLE (Groundball, 4MD, EV 97.5 MPH)
Ben Burkholder scores
Batting: RHB Alex Villagomez 0-0: Swinging Strike
0-1: Ball
1-1: Ball
2-1: Fielders Choice at 2nd, 6-4 (Groundball, 56D, EV 90.6 MPH)
Top of the 3rd over - 1 run, 2 hits, 1 error, 1 left on base; Columbus 9 - Southern Maryland 1
BOTTOM OF THE 3RD
Southern Maryland Blue Crabs batting - Pitching for Columbus Reds : RHP Guang Jue
Batting: RHB Kevin Popowicz 0-0: Called Strike
0-1: Ball
1-1: Fly out, F7 (Flyball, 78D, EV 98.8 MPH)
Batting: RHB Ethan Finke 0-0: Swinging Strike
0-1: Foul Ball, location: 2F
0-2: Ball
1-2: SINGLE (Line Drive, 4MD, EV 101.2 MPH)
Batting: RHB Wes Reynolds 0-0: Ball
1-0: Fly out, F5 (Popup, 25F, EV 87.5 MPH)
Batting: RHB Mike Pitts 0-0: Ball
1-0: Foul Ball, location: 2F
1-1: Foul Ball, location: 2F
1-2: Strikes out swinging
Bottom of the 3rd over - 0 runs, 1 hit, 0 errors, 1 left on base; Columbus 9 - Southern Maryland 1
TOP OF THE 4TH
Columbus Reds batting - Pitching for Southern Maryland Blue Crabs : RHP Marco Benavente
Batting: RHB Juan Zamora 0-0: Called Strike
0-1: Called Strike
0-2: Ball
1-2: SINGLE (Line Drive, 7LS, EV 101.9 MPH)
Batting: LHB Jamie Spangenberg 0-0: Hit by Pitch
Juan Zamora to second
Batting: RHB Alex de Leon 0-0: Ball
1-0: Called Strike
1-1: Ground out 5-3 (Groundball, 56S, EV 68.8 MPH)
Juan Zamora to third
Jamie Spangenberg to second
Batting: SHB Gustavo Froio 0-0: Called Strike
0-1: Foul Ball, location: 2F
0-2: Strikes out swinging
Batting: SHB Cesar Pelayo 0-0: Called Strike
0-1: Ball
1-1: Ball
2-1: 3-RUN HOME RUN (Flyball, 9D, EV 97.5 MPH), Distance : 382 ft
Batting: RHB Ben Burkholder 0-0: Ball
1-0: Single, Error in OF, E8, batter to second base (Line Drive, 4MD, EV 103.8 MPH)
Batting: SHB David Garnica 0-0: Ball
1-0: Foul Ball, location: 2F
1-1: Called Strike
1-2: Ball
2-2: Strikes out looking
Top of the 4th over - 3 runs, 3 hits, 1 error, 1 left on base; Columbus 12 - Southern Maryland 1
BOTTOM OF THE 4TH
Southern Maryland Blue Crabs batting - Pitching for Columbus Reds : RHP Guang Jue
Batting: SHB Chris Wright 0-0: Called Strike
0-1: Ball
1-1: Called Strike
1-2: Ball
2-2: Ball
3-2: Strikes out swinging
Batting: RHB Luke Vaccarino 0-0: Ball
1-0: Called Strike
1-1: SINGLE (Line Drive, 7LS, EV 98.8 MPH)
Batting: RHB Wil Ochoa 0-0: Called Strike
0-1: Ball
1-1: Fly out, F7 (Flyball, 7D, EV 101.9 MPH)
Batting: RHB Carlos Teniente 0-0: Ball
1-0: Ball
2-0: SINGLE (Line Drive, 34, EV 97.5 MPH)
Luke Vaccarino to second
Batting: RHB John Barton 0-0: Ball
1-0: Fly out, F8 (Flyball, 89M, EV 95.0 MPH)
Bottom of the 4th over - 0 runs, 2 hits, 0 errors, 2 left on base; Columbus 12 - Southern Maryland 1
TOP OF THE 5TH
Columbus Reds batting - Pitching for Southern Maryland Blue Crabs : RHP Marco Benavente
Batting: LHB Matt Kennedy 0-0: Foul Ball, location: 2F
0-1: Ball
1-1: Foul Ball, location: 2F
1-2: Ball
2-2: Ball
3-2: Strikes out looking
Batting: RHB Alex Villagomez 0-0: Ball
1-0: Called Strike
1-1: Swinging Strike
1-2: Strikes out swinging
Batting: RHB Juan Zamora 0-0: Swinging Strike
0-1: Ball
1-1: Ball
2-1: Foul Ball, location: 2F
2-2: Ground out 6-3 (Groundball, 6, EV 86.2 MPH)
Top of the 5th over - 0 runs, 0 hits, 0 errors, 0 left on base; Columbus 12 - Southern Maryland 1
BOTTOM OF THE 5TH
Southern Maryland Blue Crabs batting - Pitching for Columbus Reds : RHP Guang Jue
Batting: RHB Kevin Popowicz 0-0: Called Strike
0-1: Ball
1-1: Foul Ball, location: 2F
1-2: Foul Ball, location: 2F
1-2: Strikes out looking
Pitching: RHP Ernie Maldonado
Batting: RHB Ethan Finke 0-0: Ball
1-0: Called Strike
1-1: Foul Ball, location: 2F
1-2: Ground out 6-3 (Groundball, P, EV 89.4 MPH)
Batting: RHB Wes Reynolds 0-0: Foul Ball, location: 2F
0-1: Called Strike
0-2: Foul Ball, location: 2F
0-2: Foul Ball, location: 2F
0-2: Ball
1-2: Foul Ball, location: 2F
1-2: Foul Ball, location: 2F
1-2: Strikes out swinging
Bottom of the 5th over - 0 runs, 0 hits, 0 errors, 0 left on base; Columbus 12 - Southern Maryland 1
TOP OF THE 6TH
Columbus Reds batting - Pitching for Southern Maryland Blue Crabs : RHP Marco Benavente
Pitching: RHP Dave Patenaude
Batting: LHB Jamie Spangenberg 0-0: Foul Ball, location: 2F
0-1: Fly out, F7 (Flyball, 7D, EV 106.9 MPH)
Batting: RHB Alex de Leon 0-0: Ball
1-0: Foul Ball, location: 2F
1-1: Swinging Strike
1-2: SINGLE (Groundball, 6MD, EV 99.4 MPH)
Batting: SHB Gustavo Froio 0-0: Ball
1-0: Ball
2-0: Called Strike
2-1: Foul Ball, location: 2F
2-2: Foul Ball, location: 2F
2-2: Strikes out swinging
Batting: SHB Cesar Pelayo 0-0: Called Strike
0-1: Ball
1-1: Foul Ball, location: 2F
1-2: DOUBLE (Flyball, 8LXD, EV 109.4 MPH)
Alex de Leon to third
Runner from 3rd tries for Home, SAFE, throw by CF to home
Batting: RHB Ben Burkholder 0-0: SINGLE (Groundball, 6MD, EV 95.0 MPH)
Cesar Pelayo to third
Runner from 3rd tries for Home, throw by CF and OUT! 8-2
Top of the 6th over - 1 run, 3 hits, 0 errors, 1 left on base; Columbus 13 - Southern Maryland 1
BOTTOM OF THE 6TH
Southern Maryland Blue Crabs batting - Pitching for Columbus Reds : RHP Ernie Maldonado
Batting: RHB Mike Pitts 0-0: Ball
1-0: Single, Error in OF, E8, batter to second base (Line Drive, 6MD, EV 99.4 MPH)
Batting: SHB Chris Wright 0-0: Swinging Strike
0-1: Foul Ball, location: 2F
0-2: Strikes out swinging
Batting: RHB Luke Vaccarino 0-0: Foul Ball, location: 2F
0-1: Foul Ball, location: 2F
0-2: Strikes out looking
Batting: RHB Wil Ochoa 0-0: Ball
1-0: Ball
2-0: Swinging Strike
2-1: Ball
3-1: Called Strike
3-2: Ground out 2-3 (Groundball, 15S, EV 70.0 MPH)
Bottom of the 6th over - 0 runs, 1 hit, 1 error, 1 left on base; Columbus 13 - Southern Maryland 1
TOP OF THE 7TH
Columbus Reds batting - Pitching for Southern Maryland Blue Crabs : RHP Dave Patenaude
Batting: SHB David Garnica 0-0: Called Strike
0-1: Ball
1-1: Ball
2-1: Foul Ball, location: 2F
2-2: Ball
3-2: Foul Ball, location: 2F
3-2: Ground out 6-3 (Groundball, 6, EV 94.4 MPH)
Batting: LHB Matt Kennedy 0-0: Ball
1-0: Ball
2-0: Ball
3-0: Base on Balls
Batting: RHB Alex Villagomez 0-0: Called Strike
0-1: SINGLE (Groundball, 34D, EV 94.4 MPH)
Matt Kennedy to second
Batting: RHB Juan Zamora 0-0: Called Strike
0-1: Ball
1-1: Fly out, F8 (Flyball, 89M, EV 91.9 MPH)
Batting: LHB Jamie Spangenberg 0-0: Ball
1-0: Ball
2-0: Foul Ball, location: 2F
2-1: Fly out, F8 (Flyball, 8LM, EV 76.9 MPH)
Top of the 7th over - 0 runs, 1 hit, 0 errors, 2 left on base; Columbus 13 - Southern Maryland 1
BOTTOM OF THE 7TH
Southern Maryland Blue Crabs batting - Pitching for Columbus Reds : RHP Ernie Maldonado
Pinch Hitting: LHB Antonio Gutierrez 0-0: Swinging Strike
0-1: Called Strike
0-2: Ball
1-2: Fly out, F8 (Flyball, 78D, EV 85.6 MPH)
Pinch Hitting: RHB Manny Hensley 0-0: Ball
1-0: Ball
2-0: Ball
3-0: Called Strike
3-1: Foul Ball, location: 2F
3-2: Base on Balls
Pitching: RHP Aaron Barraza
Pinch Hitting: RHB Jason Burke 0-0: Ball
1-0: Swinging Strike
1-1: Ball
2-1: Called Strike
2-2: Fly out, F9 (Flyball, 9, EV 93.1 MPH)
Pinch Hitting: RHB Atsunori Ishikawa 0-0: Ball
1-0: Ball
Manny Hensley steals 2nd base (no throw)
2-0: Foul Ball, location: 2F
2-1: DOUBLE (Groundball, 5L, EV 108.1 MPH)
Manny Hensley scores
Pinch Hitting: LHB Keith Long 0-0: Called Strike
0-1: Fly out, F7 (Flyball, 7LM, EV 86.2 MPH)
Bottom of the 7th over - 1 run, 1 hit, 0 errors, 1 left on base; Columbus 13 - Southern Maryland 2
TOP OF THE 8TH
Columbus Reds batting - Pitching for Southern Maryland Blue Crabs : RHP Dave Patenaude
Pitching: RHP Casey Tietjen
Now at 1B: Adam Oldfield
Now at 2B: Manny Hensley
Now at SS: Atsunori Ishikawa
Now in CF: Antonio Gutierrez
Now in RF: Keith Long
Batting: RHB Alex de Leon 0-0: Swinging Strike
0-1: Foul Ball, location: 2F
0-2: Strikes out looking
Batting: SHB Gustavo Froio 0-0: Called Strike
0-1: Fly out, F9 (Flyball, 9, EV 90.0 MPH)
Batting: SHB Cesar Pelayo 0-0: Swinging Strike
0-1: Swinging Strike
0-2: Ball
1-2: Strikes out swinging
Top of the 8th over - 0 runs, 0 hits, 0 errors, 0 left on base; Columbus 13 - Southern Maryland 2
BOTTOM OF THE 8TH
Southern Maryland Blue Crabs batting - Pitching for Columbus Reds : RHP Aaron Barraza
Pinch Hitting: RHB Matthew Neal 0-0: Fly out, F8 (Line Drive, 8LM, EV 92.5 MPH)
Batting: SHB Chris Wright 0-0: Called Strike
0-1: Ball
1-1: Called Strike
1-2: Foul Ball, location: 2F
1-2: Foul Ball, location: 2F
1-2: Foul Ball, location: 2F
1-2: Ground out U3 (Groundball, 3, EV 82.5 MPH)
Batting: RHB Luke Vaccarino 0-0: Swinging Strike
0-1: Ball
1-1: Swinging Strike
1-2: Fly out, F9 (Flyball, 9LS, EV 75.0 MPH)
Bottom of the 8th over - 0 runs, 0 hits, 0 errors, 0 left on base; Columbus 13 - Southern Maryland 2
TOP OF THE 9TH
Columbus Reds batting - Pitching for Southern Maryland Blue Crabs : RHP Casey Tietjen
Now at 3B: Matthew Neal
Batting: RHB Ben Burkholder 0-0: Fly out, F7 (Flyball, 7LM, EV 106.9 MPH)
Batting: SHB David Garnica 0-0: Ball
1-0: Ball
2-0: Called Strike
2-1: Ball
3-1: Base on Balls
Batting: LHB Matt Kennedy 0-0: Swinging Strike
0-1: Called Strike
0-2: Ball
1-2: Strikes out swinging
Pinch Hitting: LHB Elijah Benton 0-0: Fly out, F8 (Flyball, 89M, EV 94.4 MPH)
Top of the 9th over - 0 runs, 0 hits, 0 errors, 1 left on base; Columbus 13 - Southern Maryland 2
BOTTOM OF THE 9TH
Southern Maryland Blue Crabs batting - Pitching for Columbus Reds : RHP Aaron Barraza
Now at C: Elijah Benton
Batting: RHB Wil Ochoa 0-0: Ball
1-0: Ball
2-0: Foul Ball, location: 2F
2-1: Called Strike
2-2: Fly out, F8 (Flyball, 8RM, EV 90.0 MPH)
Batting: LHB Antonio Gutierrez 0-0: Ball
1-0: Ball
2-0: Ball
3-0: Base on Balls
Batting: RHB Manny Hensley 0-0: Ball
1-0: SINGLE (Groundball, 6D, EV 96.2 MPH)
Antonio Gutierrez to second
Pitching: RHP Jay Harrison
Pinch Hitting: RHB Minoru Matsumoto 0-0: Swinging Strike
0-1: Reached on error, E6 (Groundball, 6, EV 86.9 MPH)
Antonio Gutierrez to third
Manny Hensley to second
Pinch Hitting: LHB Pat Fontana 0-0: Ball
1-0: Ball
2-0: Called Strike
2-1: Ball
3-1: Foul Ball, location: 2F
3-2: Foul Ball, location: 2F
3-2: Foul Ball, location: 2F
3-2: Fly out, F8 (Flyball, 8LD, EV 90.6 MPH)
Runner from 3rd tags up, SCORES, no throw by CF
Batting: LHB Keith Long 0-0: Called Strike
0-1: Ground out 4-3 (Groundball, 34, EV 100.6 MPH)
Bottom of the 9th over - 1 run, 1 hit, 1 error, 2 left on base; Columbus 13 - Southern Maryland 3
Wednesday, June 22nd , 2022 - OOTP Baseball 23.4 Build 64